 Dungeon Crawl Stone Soup version 0.26.1-11-gd32895ea62 (webtiles) character file.

Game seed: 5827583261578466923

12595 MisterFreud the Gouger (level 11, -6/48 HPs)
             Began as a Felid Berserker on June 18, 2021.
             Was a High Priest of Trog.
             Mangled by a cane toad (7 damage)
             ... while petrified by a basilisk
             ... on level 3 of the Lair of Beasts.
             The game lasted 00:19:31 (17185 turns).

MisterFreud the Gouger (Felid Berserker)           Turns: 17185, Time: 00:19:32

Health: -6/48      AC:  3    Str: 13    XL:     11   Next: 64%
Magic:  0/12       EV:  4    Int: 10    God:    Trog [*****.]
Gold:   799        SH:  0    Dex: 19    Spells: 10/10 levels left
                                        Lives:  0   Deaths: 3

rFire    . . .     SeeInvis +     - Unarmed
rCold    + + .     Faith    .   (shield unavailable)
rNeg     + + +     Spirit   +   (armour unavailable)
rPois    ∞         Reflect  .   (helmet unavailable)
rElec    .         Harm     .   (cloak unavailable)
rCorr    .         Rampage  .   (gloves unavailable)
Will     +....                  (boots unavailable)
Stlth    +++++.....             S - amulet of guardian spirit
HPRegen  0.16/turn              v - ring of positive energy
MPRegen  0.13/turn              F - ring of protection from cold

@: petrified, quick
A: very small, no armour, no weapons or thrown items, stealth, claws 1, fangs 3,
see invisible, speed 1, shaggy fur 3, sharp paws
a: Renounce Religion, Berserk, Trog's Hand, Brothers in Arms


You were on level 3 of the Lair of Beasts.
You worshipped Trog.
Trog was extremely pleased with you.
You visited 2 branches of the dungeon, and saw 16 of its levels.

You collected 799 gold pieces.

Inventory:

Jewellery
 b - a +6 ring of intelligence
 o - a cursed -4 ring of intelligence
 v - a ring of positive energy (left paw)
 y - an uncursed ring of resist corrosion
 A - an uncursed ring of flight
 F - a ring of protection from cold (right paw)
 S - an amulet of guardian spirit (around neck)
Wands
 u - a wand of disintegration (13)
 C - a wand of acid (6)
 E - a wand of polymorph (28)
 J - a wand of paralysis (11)
 K - a wand of iceblast (4)
 N - a wand of digging (7)
 Q - a wand of enslavement (6)
 R - a wand of random effects (18)
Scrolls
 c - 6 scrolls of fear {unknown}
 d - 20 scrolls of identify {unknown}
 f - 8 scrolls of teleportation {unknown}
 h - 3 scrolls of immolation {unknown}
 j - 2 scrolls of random uselessness {unknown}
 l - 6 scrolls of remove curse {unknown}
 n - 5 scrolls of amnesia {unknown}
 r - 2 scrolls of blinking {unknown}
 t - a scroll of enchant weapon {unknown}
 w - 4 scrolls of enchant armour {unknown}
 B - 2 scrolls of fog {unknown}
 H - a scroll of noise {unknown}
 L - a scroll of magic mapping {unknown}
 M - a scroll of brand weapon {unknown}
 O - a scroll of holy word {unknown}
Potions
 a - a potion of mutation {unknown}
 e - 5 potions of heal wounds {unknown}
 g - 6 potions of magic {unknown}
 i - 5 potions of curing {unknown}
 k - a potion of haste {unknown}
 m - a potion of cancellation {unknown}
 p - 4 potions of berserk rage {unknown}
 q - 2 potions of lignification
 s - a potion of brilliance {unknown}
 x - a potion of invisibility {unknown}
 z - 3 potions of degeneration {unknown}
 D - 3 potions of flight {unknown}
 G - a potion of ambrosia {unknown}
 I - a potion of might {unknown}
 P - a potion of attraction {unknown}


   Skills:
 - Level 6.0 Fighting
 - Level 14.0 Dodging
 - Level 10.0 Stealth
 + Level 14.3 Unarmed Combat
 - Level 10.0 Evocations


You had 10 spell levels left.
You didn't know any spells.
Your spell library was empty.

Dungeon Overview and Level Annotations

Branches:
Dungeon (13/15)            Temple (0/1) D:7            Lair (3/6) D:9
 Shoals (0/4) Lair:3       Spider (0/4) Lair:3          Orc (0/2) D:10
 Vaults: D:13-14

Altars:
Ashenzari
Cheibriados
Fedhas
Gozag
Kikubaaqudgha
Makhleb
Nemelex Xobeh
Okawaru
Ru
Yredelemnul
The Shining One

Shops:
D:3 *   D:8 :

Annotations:
Lair:2 exclusion: 2 oklob plants


Innate Abilities, Weirdness & Mutations

You cannot wear armour.
You are incapable of wielding weapons or throwing items.
Your paws allow you to move quietly. (Stealth)
You have sharp claws.
You have razor-sharp teeth.
You have supernaturally acute eyesight. (SInv)
You cover ground quickly.
Your thick and shaggy fur keeps you warm. (AC +3, rC+)
Your sharp claws are effective at attacking unaware monsters.


Message History

You are slowing down.
The basilisk gazes at you. You resist with almost no effort.
Your limbs are stiffening.
The basilisk gazes at you. You resist with almost no effort.
You have turned to stone.
The basilisk gazes at you.
The cane toad croaks.
The cane toad barely misses you. The basilisk bites you!
The cane toad stings you!! The basilisk bites you!! The cane toad stings you!
The basilisk bites you. The cane toad stings you!! The basilisk gazes at you.
You resist with almost no effort. The cane toad stings you!
* * * LOW HITPOINT WARNING * * *
The cane toad stings you!
* * * LOW HITPOINT WARNING * * *
The basilisk bites you!
* * * LOW HITPOINT WARNING * * *
The cane toad stings you!
You die...

##....##...## ##..P#.##.
##:.....$........ ##.......
................. #....†..
#............... #....... .^
#.$.^..#...#.# ##.PP#P.
...###^.†........# ####.#####
....#^##^..^....###...#.###.##.
....^^^##......................
#..^...^^^#.....@F...............
.......^>^..^....l...............
......^^^^...#..###.#####.#.)....
..^..^^^#...^##.P# # ######.P.
#....###..^^^^#..P# P.#.....
##..###†..^^##...... .........
.#........### ....... ......PP.P
#......#............. ......P...
......##......# #. ##.#..P...


You could see a cane toad and a basilisk.

Vanquished Creatures
  Gastronok (Lair:1)
  2 hydras
  Fannar (D:12)
  Harold (D:11)
  A centaur warrior (D:11)
  A two-headed ogre (D:11)
  Urug (D:11)
  A cyclops (D:12)
  3 black mambas (Lair:2)
  6 cane toads
  9 komodo dragons
  A rime drake (Lair:3)
  2 trolls
  A hornet (D:10)
  13 blink frogs
  Prince Ribbit (D:6)
  2 slime creatures (D:12)
  A shadow (D:12)
  2 redbacks (Lair:3)
  2 wyverns
  A wraith (D:9)
  Eustachio (D:4)
  The ghost of captivecurve the Chopper, an amateur HOFi (D:3)
  3 yaks (Lair:1)
  4 basilisks
  4 water moccasins
  Duvessa (D:7)
  2 necrophages
  2 sky beasts
  4 black bears
  3 orc warriors (D:9)
  6 ice beasts
  A phantom (D:7)
  7 ogres
  7 wolves
  13 centaurs
  3 big kobolds (D:11)
  7 bullfrogs
  A wyvern zombie (D:7)
  Dowan (D:7)
  2 wyvern skeletons
  3 scorpions
  3 killer bees (D:7)
  2 howler monkeys (D:8)
  20 wights
  An electric eel (Lair:2)
  A bullfrog zombie (D:6)
  2 jellies
  A quasit (D:8)
  6 hounds
  7 orc priests
  2 bullfrog skeletons
  2 iguanas
  6 orc wizards
  Natasha (twice) (D:4)
  5 worker ants
  2 hound skeletons
  2 worker ant zombies (D:7)
  7 gnolls
  10 adders
  A shadow imp (D:6)
  A white imp (D:9)
  2 ufetubi
  2 adder skeletons
  2 adder zombies
  A worm (D:9)
  3 dart slugs
  5 leopard geckos
  37 orcs
  5 ball pythons
  8 giant cockroaches
  9 goblins
  6 hobgoblins
  16 jackals
  20 kobolds
  5 quokkas
  6 bats
  3 frilled lizards
  8 rats
350 creatures vanquished.

Vanquished Creatures (others)
  3 bushes
  10 fungi (Lair:3)
  54 plants (Lair:3)
  3 withered plants (D:4)
70 creatures vanquished.

Grand Total: 420 creatures vanquished

Notes
Turn   | Place    | Note
-------+----------+-------------------------------------------
     0 | D:1      | MisterFreud the Felid Berserker began the quest for the
                  | Orb.
     0 | D:1      | Reached XP level 1. HP: 10/10 MP: 2/2
   180 | D:1      | Reached skill level 1 in Stealth
   311 | D:1      | Reached XP level 2. HP: 14/14 MP: 3/3
   620 | D:1      | Reached XP level 3. HP: 9/17 MP: 4/4
   938 | D:1      | Reached ** piety under Trog
  1861 | D:2      | Reached XP level 4. HP: 20/21 MP: 5/5
  2743 | D:3      | Noticed an ogre
  2769 | D:3      | Killed an ogre
  2770 | D:3      | Reached skill level 5 in Stealth
  2770 | D:3      | Reached XP level 5. HP: 24/24 MP: 6/6
  2886 | D:3      | Reached skill level 5 in Unarmed Combat
  3047 | D:3      | Found a basalt altar of Yredelemnul.
  3252 | D:3      | Reached skill level 5 in Dodging
  3252 | D:3      | Gained mutation: You are covered in thick fur. (AC +2)
                  | [Felid growth]
  3252 | D:3      | Reached XP level 6. HP: 28/28 MP: 7/7
  3256 | D:3      | Found an opulent altar of Gozag.
  3423 | D:3      | Found Gozag's Platinum Reserve.
  3436 | D:3      | Found a runed translucent door.
  3499 | D:3      | Noticed captivecurve's ghost (amateur HOFi)
  3889 | D:3      | HP: 2/42 [captivecurve's ghost (13)]
  3890 | D:3      | Killed captivecurve's ghost
  4131 | D:4      | Found an ancient bone altar of Kikubaaqudgha.
  4194 | D:4      | Found a blossoming altar of Fedhas.
  4235 | D:4      | Noticed Eustachio
  4237 | D:4      | Noticed Natasha
  4246 | D:4      | Killed Natasha
  4400 | D:4      | Reached XP level 7. HP: 31/31 MP: 8/8
  4447 | D:4      | Killed Eustachio
  4924 | D:4      | Noticed Natasha
  4931 | D:4      | Killed Natasha
  4967 | D:5      | Entered Level 5 of the Dungeon
  4979 | D:5      | Reached skill level 10 in Dodging
  5111 | D:5      | Found a sparkling altar of Nemelex Xobeh.
  5395 | D:5      | Reached *** piety under Trog
  5574 | D:5      | Reached XP level 8. HP: 34/34 MP: 9/9
  5925 | D:6      | Noticed Prince Ribbit
  5960 | D:6      | Killed Prince Ribbit
  6447 | D:6      | Reached skill level 5 in Fighting
  6746 | D:6      | Found a sacrificial altar of Ru.
  6866 | D:7      | Reached XP level 9. HP: 40/40 MP: 10/10
  6889 | D:7      | Found a staircase to the Ecumenical Temple.
  6898 | D:7      | Found a broken altar of Ashenzari.
  7184 | D:7      | Reached **** piety under Trog
  7560 | D:6      | Found an iron altar of Okawaru.
  7560 | D:6      | Found a glowing golden altar of the Shining One.
  7592 | D:7      | Reached skill level 1 in Evocations
  7752 | D:7      | Noticed Duvessa
  7753 | D:7      | Noticed Dowan
  7759 | D:7      | Killed Duvessa
  7818 | D:7      | Killed Dowan
  8608 | D:8      | Found Porhu Dois's Book Emporium.
  8953 | D:9      | Reached XP level 10. HP: 45/45 MP: 11/11
  9035 | D:10     | Entered Level 10 of the Dungeon
  9322 | D:10     | Found a burning altar of Makhleb.
  9378 | D:10     | Paralysed by a hornet for 1 turns
  9386 | D:10     | HP: 2/45 [poisoned by a hornet]
  9778 | D:9      | Found a staircase to the Lair.
  9993 | D:9      | Reached skill level 10 in Stealth
 10091 | D:9      | Found a snail-covered altar of Cheibriados.
 10660 | D:9      | Mangled by an orc warrior
 10661 | D:9      | Reached XP level 9. HP: -12/61 MP: 10/10
 10881 | D:9      | Reached skill level 5 in Evocations
 11175 | D:10     | Found a staircase to the Orcish Mines.
 11232 | D:11     | Noticed a two-headed ogre
 11233 | D:11     | Noticed a centaur warrior
 11235 | D:11     | Shot with an arrow by a centaur warrior
 11236 | D:11     | Reached XP level 8. HP: -7/38 MP: 9/9
 11261 | D:11     | Noticed a four-headed hydra
 11264 | D:11     | Killed a four-headed hydra
 11265 | D:11     | Reached XP level 9. HP: 41/41 MP: 10/10
 11275 | D:11     | Killed a centaur warrior
 11353 | D:11     | Noticed Harold
 11368 | D:11     | Killed Harold
 11369 | D:11     | Reached skill level 10 in Unarmed Combat
 11489 | D:11     | Killed a two-headed ogre
 11490 | D:11     | Reached XP level 10. HP: 39/45 MP: 11/11
 11812 | D:11     | Reached ***** piety under Trog
 12177 | D:11     | Noticed Urug
 12184 | D:11     | Killed Urug
 12849 | D:12     | Found an iron altar of Okawaru.
 13094 | D:12     | Noticed a cyclops
 13113 | D:12     | Killed a cyclops
 13360 | D:12     | Noticed Fannar
 13363 | D:12     | Killed Fannar
 13470 | D:12     | Reached XP level 11. HP: 48/48 MP: 12/12
 13754 | Lair:1   | Entered Level 1 of the Lair of Beasts
 13788 | Lair:1   | Noticed a five-headed hydra
 13791 | Lair:1   | Killed a five-headed hydra
 13834 | Lair:1   | Noticed Gastronok
 13850 | Lair:1   | Killed Gastronok
 15353 | Lair:2   | Reached skill level 10 in Evocations
 15917 | Lair:2   | Gained mutation: Your thick and shaggy fur keeps you warm.
                  | (AC +3, rC+) [Felid growth]
 15917 | Lair:2   | Reached XP level 12. HP: 52/52 MP: 13/13
 16458 | Lair:3   | Slain by a blink frog
 16459 | Lair:3   | Reached XP level 11. HP: -2/48 MP: 12/12
 16459 | Lair:3   | Found a staircase to the Shoals.
 17166 | Lair:3   | Found a hole to the Spider Nest.
 17185 | Lair:3   | HP: 1/48 [basilisk (5)]
 17185 | Lair:3   | Mangled by a cane toad

Illustrated notes

Levels and vault maps discovered:
D:1:      minmay_arrival_checkered_box, layout_loops_cross, serial_forest,
          infiniplex_forest_clump_small, infiniplex_forest_straight_2,
          infiniplex_forest_end_2, infiniplex_forest_clump_large
D:2:      layout_basic, minmay_hedge_maze
D:3:      layout_loops_ring, lemuel_crystal_altar,
          ebering_ghost_reflecting_pool, nicolae_gozag_zags_fifth_avenue
D:4:      layout_rooms, kiku_gazebo_garden_becter, chequers_decorated_corner,
          minmay_fountain_box, fedhas_altar_4, uniq_eustachio, uniq_natasha
D:5:      layout_loops_ring, lemuel_crystal_altar
D:6:      layout_rooms, nicolae_overflow_hidden_temple, uniq_prince_ribbit1
D:7:      layout_rooms, ashenzari_altar_1, minmay_temple_entry_trees,
          roderic_roman_lattice, uniq_duvessa
D:8:      layout_basic, serial_shops, nicolae_shop_statue_plus
D:9:      layout_basic, cheibrodos_worm_habitat, lair_entry_dummy
D:10:     layout_cave_pools, orc_0_dummy, basic_altar
D:11:     layout_basic, uniq_urug, uniq_harold
D:12:     layout_roguey, david_defended_altar_orc, uniq_fannar
D:13:     layout_long_grid, lightli_vaults_fourway_checkpoint, enter_bailey_5
Lair:1:   layout_cave_shapes, serial_bayou_pond_c, beast_lair_carwin_7,
          uniq_gastronok
Lair:2:   layout_roguey, serial_bayou, serial_bayou_pond_b,
          serial_bayou_crossing, serial_bayou_pond_b, serial_bayou_pond_d,
          minmay_lair_oklob_chamber
Lair:3:   layout_concentric_octagons, minmay_shoals_entry_centaurs,
          spider_nest_entry_webs, serial_forest, infiniplex_forest_clump_small,
          infiniplex_forest_pool, infiniplex_forest_clump_small,
          infiniplex_forest_end_3, infiniplex_forest_end_2,
          infiniplex_forest_fountain, infiniplex_forest_clump_small,
          infiniplex_forest_pool, infiniplex_forest_end_double,
          serial_bayou_shore_b

Skill      XL: |  1  2  3  4  5  6  7  8  9 10 11 12 |
---------------+-------------------------------------+-----
Stealth        | 1 2 3 5 8 9 10 | 10.0
Unarmed Combat | 4 5 6 10 9 14 13 | 14.3
Dodging        | 5 7 10 13 14 | 14.0
Fighting       | 5 6 |  6.0
Evocations     | 6 7 10 | 10.0

Action                   |  1- 3 |  4- 6 |  7- 9 | 10-12 || total
-------------------------+-------+-------+-------+-------++-------
Melee: Unarmed           |   103 |   136 |   380 |   559 ||  1178
       Bite              |     2 |    12 |    41 |    67 ||   122
       Punch             |     2 |     4 |    13 |    27 ||    46
Invok: Berserk           |     1 |     3 |    13 |    16 ||    33
       Trog's Hand       |     1 |     3 |     5 |     5 ||    14
Evoke: Wand              |       |       |     2 |       ||     2
  Use: Potion            |       |       |     1 |       ||     1
 Stab: Sleeping          |    13 |    10 |    23 |    34 ||    80
       Distracted        |       |       |       |     2 ||     2
Armor: Skin              |     3 |     3 |    19 |    10 ||    35
Dodge: Dodged            |    73 |   119 |   356 |   515 ||  1063
